 Dungeon Crawl Stone Soup version 0.14-a0-2443-g5aee772 (webtiles) character file.

54 4tharraofdagon the Firebug (level 2, -2/23 HPs)
             Began as a Djinni Fire Elementalist on Feb 6, 2014.
             Slain by a giant frog (4 damage)
             ... on Level 6 of the Dungeon.
             The game lasted 00:03:11 (749 turns).

4tharraofdagon the Firebug (DjFE)                    Turns: 749, Time: 00:03:11

HP  -2/23        AC  3     Str  8      XL: 2   Next: 82%
MP   0/0         EV 17     Int 15      God:
Gold 29          SH  0     Dex 18      Spells:  1 memorised,  5 levels left

rFire  + + +     SeeInvis .     (no weapon)
rCold  x . .     Clarity  .     a - +0 robe
rNeg   + + +     Conserve .     (no shield)
rPois  .         rCorr    .     (no helmet)
rElec  .         rRot     .     h - +0 cloak
SustAb . .       Spirit   .     (no gloves)
rMut   .         Warding  .     (boots unavailable)
Saprov . . .     Stasis   .     (no amulet)
MR     .....                    (no ring)
                                (no ring)

@: agile, flying, very slightly contaminated, not resistant to hostile
enchantments, quite stealthy
A: fire immunity, cold vulnerability, life protection 3
a: no special abilities


You were on level 6 of the Dungeon.
You were not hungry.

You visited 1 branch of the dungeon, and saw 6 of its levels.

You collected 29 gold pieces.

Inventory:

Armour
 a - a +0 robe (worn)
 h - a +0 cloak (worn)
Scrolls
 c - a scroll of amnesia {unknown}
 d - a scroll of identify
 e - 2 scrolls of enchant armour {unknown}
 g - a scroll of recharging {unknown}
 j - 2 scrolls of magic mapping {unknown}
 k - a scroll of teleportation {unknown}
 l - a scroll of enchant weapon II {unknown}
 o - a scroll of remove curse {unknown}
 p - a scroll of random uselessness {unknown}
Jewellery
 f - an uncursed amulet of warding
Potions
 m - a potion of restore abilities
Books
 b - a book of Flames

   Spells                             Type                      Level
   *Flame Tongue                      Conjuration/Fire             1
   Throw Flame                        Conjuration/Fire             2
   Conjure Flame                      Conjuration/Fire             3
   Inner Flame                        Hexes/Fire                   3
   Sticky Flame                       Conjuration/Fire             4
   Fireball                           Conjuration/Fire             5


   Skills:
 + Level 0.6 Fighting
 - Level 1.7 Dodging
 - Level 1.5 Stealth
 + Level 2.8 Spellcasting
 * Level 1.5 Conjurations
 * Level 4.7 Fire Magic


You had 5 spell levels left.
You knew the following spells:

 Your Spells              Type           Power        Failure   Level  Hunger
a - Flame Tongue          Conj/Fire      ##...        8%          1    #......


Dungeon Overview and Level Annotations

Branches:
Dungeon (6/16)
 Temple: D:4-7

Altars:

Annotations:
D:3 Elizilla's ghost, average FoFi
D:5 Edmund


Innate Abilities, Weirdness & Mutations

You are immune to all types of fire, even holy and hellish.
You are vulnerable to cold.
You need no food.
You have no legs.
You are immune to negative energy.


Message History

Confirm with . or Enter, or press ? or * to list all spells.
Aiming: Flame Tongue
Press: ? - help, Shift-Dir - straight line, f/p - giant frog
Aim: a giant frog (almost dead)
The flame hits the giant frog.
The giant frog is almost dead.
The giant frog hits you but does no damage.
The giant frog hits you!
* * * LOW HITPOINT WARNING * * *
Casting: Flame Tongue
Confirm with . or Enter, or press ? or * to list all spells.
You don't have enough magic to cast that spell.
Unknown command.
The giant frog closely misses you.
Unknown command.
Unknown command.
Unknown command.
Unknown command.
The giant frog hits you.
You die...

### ..# #.# ###
#.# ##.###.#
####...##.###.####
+.................
####..F##.###.####
##@###.# ### #.#
#.# ####.# #....#
#.#### #.# #.# #.#


You could see a giant frog.

Vanquished Creatures
  An adder (D:5)
  3 giant geckos
  A bat (D:2)
  A hobgoblin (D:4)
  A ball python (D:2)
  2 giant newts
  A kobold zombie (D:5)
  2 quokka skeletons
  3 rats
15 creatures vanquished.

Notes
Turn   | Place    | Note
--------------------------------------------------------------
     0 | D:1      | 4tharraofdagon, the Djinni Fire Elementalist, began the quest for the Orb.
     0 | D:1      | Reached XP level 1. HP: 14/14 MP: 0/0
   225 | D:3      | Noticed Elizilla's ghost (average FoFi)
   345 | D:4      | Reached XP level 2. EP: 19/23
   400 | D:5      | Entered Level 5 of the Dungeon
   414 | D:5      | Noticed Edmund
   730 | D:6      | Noticed a giant frog
   749 | D:6      | Slain by a giant frog

Action                   || total
-------------------------++-------
 Cast: Flame Tongue      ||    42
  Use: Potion            ||     3
       Scroll            ||     2
